 Dungeon Crawl Stone Soup version 0.27-a0-1196-g3e9cee4cb2 (webtiles) character file.

Game seed: 18340093931269183523

36279 polve the Severer (level 13, -3/114 HPs)
             Began as a Hill Orc Berserker on May 28, 2021.
             Was the Champion of Trog.
             Slain by a cane toad (8 damage)
             ... on level 6 of the Lair of Beasts.
             The game lasted 00:20:46 (16225 turns).

polve the Severer (Hill Orc Berserker)             Turns: 16225, Time: 00:20:47

Health: -3/114     AC: 31    Str: 21    XL:     13   Next: 89%
Magic:  13/13      EV:  8    Int:  7    God:    Trog [******]
Gold:   1130       SH: 21    Dex: 14    Spells: 12/12 levels left

rFire    . . .     SeeInvis .   U - +9 war axe
rCold    . . .     Faith    .   D - +2 kite shield
rNeg     . . .     Spirit   .   V - +9 plate armour {ponderous}
rPois    +         Reflect  +   d - +0 helmet
rElec    .         Harm     .   J - +0 cloak
rCorr    +         Rampage  .   O - +2 pair of gloves
Will     ++...                  h - +0 pair of boots
Stlth    ..........             R - amulet of reflection
HPRegen  1.29/turn              S - ring of poison resistance
MPRegen  0.13/turn              a - ring of resist corrosion

@: lethally poisoned (-3 -> -3), about to teleport, strong-willed, on berserk
cooldown, regenerating, slowed, very slow
A: no striking features
a: Renounce Religion, Berserk, Trog's Hand, Brothers in Arms


You were on level 6 of the Lair of Beasts.
You worshipped Trog.
Trog was exalted by your worship.
You visited 2 branches of the dungeon, and saw 17 of its levels.
You also visited: Ossuary and Ice Cave.

You collected 1130 gold pieces.

Inventory:

Hand Weapons
 b - a +2 hand axe of flaming
 Q - a +4 battleaxe
 U - a +9 war axe (weapon)
Missiles
 B - 12 curare-tipped darts
 I - 2 throwing nets
Armour
 d - a +0 helmet (worn)
 h - a +0 pair of boots (worn)
 D - a +2 kite shield (worn)
 J - a +0 cloak (worn)
 O - a +2 pair of gloves (worn)
 T - +0 pearl dragon scales
 V - a +9 plate armour of ponderousness (worn)
Jewellery
 a - a ring of resist corrosion (right hand)
 R - an amulet of reflection (around neck)
 S - a ring of poison resistance (left hand)
Wands
 o - a wand of acid (16)
 s - a wand of digging (3)
 y - a wand of mindburst (12)
 A - a wand of charming (18)
 E - a wand of flame (29)
 F - a wand of iceblast (20)
Scrolls
 e - 7 scrolls of teleportation
 f - a scroll of fear {unknown}
 k - a scroll of acquirement {unknown}
 m - 3 scrolls of holy word
 p - 4 scrolls of enchant weapon
 r - 4 scrolls of identify
 t - 2 scrolls of blinking {unknown}
 u - 5 scrolls of immolation
 v - 5 scrolls of magic mapping
 x - 4 scrolls of vulnerability
 z - 2 scrolls of fog
 L - 2 scrolls of torment
Potions
 c - 6 potions of flight
 g - 8 potions of might
 l - 2 potions of cancellation {unknown}
 n - 13 potions of curing
 q - 3 potions of resistance {unknown}
 C - a potion of berserk rage {unknown}
 G - a potion of attraction {unknown}
 H - a potion of lignification {unknown}
 K - a potion of ambrosia {unknown}
 M - 2 potions of heal wounds {unknown}
 N - 3 potions of mutation {unknown}


   Skills:
 - Level 10.3 Fighting
 - Level 16.6 Axes
 + Level 10.4 Armour
 + Level 4.2 Dodging
 - Level 15.0 Shields


You had 12 spell levels left.
You didn't know any spells.
Your spell library was empty.

Dungeon Overview and Level Annotations

Branches:
Dungeon (11/15)            Temple (0/1) D:6            Lair (6/6) D:9
 Shoals (0/4) Lair:3        Snake (0/4) Lair:4        Slime (0/5) Lair:5
Ossuary (visited)           IceCv (visited)
    Orc: D:9-12

Altars:
Ru
Xom
Yredelemnul
Beogh
Jiyva

Shops:
D:6 *

Portals:
Trove: D:11 (give +5 demon blade)

Annotations:
D:7 1 runed translucent door


Message History

The blink frog blinks!
You block the cane toad's attack. x3
The blink frog barely misses you.
The cane toad stings you but does no damage.
You closely miss the cane toad.
The cane toad is severely wounded.
You slice the cane toad!! You hit the cane toad but do no damage.
You slash the cane toad! You slash the blink frog!
You feel very sick. You block the cane toad's attack.
The blink frog closely misses you.
The cane toad stings you but does no damage.
The cane toad barely misses you.
The cane toad stings you but does no damage.
You block the cane toad's attack.
The blink frog hits the plant!
The plant begins to die.
Your skin crawls.
You feel strong-willed.
You feel very sick.
A nearby plant withers and dies. x2; You block the blink frog's attack.
A blink frog comes into view.
You block the cane toad's attack. The cane toad barely misses you.
The blink frog blinks!
The cane toad stings you but does no damage.
The blink frog blinks!
The cane toad stings you but does no damage. x2
The blink frog blinks!
The cane toad barely misses you.
The blink frog blinks!
The cane toad stings you but does no damage.
You block the cane toad's attack.
Your cyclops goes berserk!
You feel sick. The cane toad barely misses you. The cane toad stings you!
* * * LOW HITPOINT WARNING * * *
You block the cane toad's attack.
The blink frog blinks!
The cane toad stings you!
* * * LOW HITPOINT WARNING * * *
The cane toad closely misses you. You block the cane toad's attack.
The cane toad stings you but does no damage. x2
The blink frog blinks!
You block the cane toad's attack.
As you read the scroll of teleportation, it crumbles to dust.
You feel strangely unstable.
You feel sick.
A nearby plant withers and dies.
You block the cane toad's attack. The cane toad stings you!
You die...

## #### .###..##### ##
..........# #.#
..P##....## ### ##..##
#.######.## #.# ##.....
...# #....####!###CP.#
P..# #.P.##.#F.F@FF..###
...# ##[......FFFF...#.# #
P..P #..#††##.†F.FP..##.#
P.### #.#.≈#.##.F†......#
.....≈.......≈≈..###
...P.......≈;....$.≈#
#....P..≈.PP≈≈≈≈....≈...#
P...P≈.≈≈≈≈≈#≈P≈≈≈≈≈≈≈.≈≈.
.....≈≈≈≈≈###≈≈≈≈≈≈≈≈P≈≈≈.


You could see 7 cane toads, 3 blink frogs, a bullfrog (ally target), an electric
eel and a friendly cyclops (summoned, berserk).

Vanquished Creatures
  Kirke (Lair:5)
  Harold (D:7)
  A boulder beetle (D:10)
  Nergalle (Lair:1)
  A necromancer (IceCv)
  A lindwurm (Lair:4)
  A manticore (Lair:3)
  2 ice statues (IceCv)
  Maurice (D:9)
  Joseph (D:7)
  16 elephants (Lair:4)
  4 black mambas
  7 cane toads
  A rime drake (Lair:3)
  Maggie (D:6)
  A kobold demonologist (D:5)
  8 ice devils (IceCv)
  6 komodo dragons
  A troll (D:7)
  A wind drake (Lair:3)
  A tyrant leech (Lair:6)
  Grinder (D:4)
  18 blink frogs
  The ghost of Terminal the Changer, an amateur OpTm (D:4)
  A shadow (D:10)
  A wyvern (D:10)
  7 hogs (Lair:5)
  2 basilisks
  6 steam dragons
  13 yaks
  2 vampire mosquitoes
  6 nagas (Lair:4)
  10 water moccasins
  An acid dragon (D:9)
  Duvessa (D:7)
  5 black bears
  2 ogres
  5 orc warriors
  3 necrophages
  3 centaurs
  2 phantoms
  13 wolves
  9 bullfrogs
  4 kobold brigands
  2 gnoll sergeants (D:6)
  7 scorpions
  Dowan (D:7)
  A killer bee (D:7)
  3 wights (D:9)
  2 electric eels (Lair:4)
  A howler monkey (D:11)
  3 draconian simulacra (IceCv)
  5 centaur zombies
  A gnoll shaman (D:8)
  2 hounds
  3 jellies
  Crazy Yiuf (D:7)
  9 orc priests
  A bullfrog skeleton (D:5)
  3 iguanas
  9 orc wizards
  A scorpion zombie (D:3)
  2 troll simulacra (IceCv)
  A spriggan simulacrum (IceCv)
  3 centaur simulacra (IceCv)
  2 hound skeletons (D:4)
  4 mummies (Ossuary)
  A howler monkey zombie (D:9)
  20 gnolls
  A naga simulacrum (IceCv)
  7 adders
  4 shadow imps
  2 white imps
  2 ufetubi (D:5)
  A worm (D:3)
  6 dart slugs
  43 orcs
  4 ball pythons
  11 endoplasms
  5 giant cockroaches
  3 gnoll zombies (Ossuary)
  4 goblins
  8 hobgoblins
  14 jackals
  5 quokkas
  7 bats
  A frilled lizard (D:2)
  2 goblin zombies (Ossuary)
  A hobgoblin zombie (Ossuary)
  26 kobolds
  A kobold zombie (Ossuary)
  2 orc zombies (Ossuary)
  6 rats
  3 rat zombies (Ossuary)
  3 butterflies (D:7)
434 creatures vanquished.

Vanquished Creatures (others)
  A kobold (D:4)
  16 fungi
  82 plants
99 creatures vanquished.

Grand Total: 533 creatures vanquished

Notes
Turn   | Place    | Note
-------+----------+-------------------------------------------
     0 | D:1      | polve the Hill Orc Berserker began the quest for the Orb.
     0 | D:1      | Reached XP level 1. HP: 19/19 MP: 1/1
   205 | D:1      | Reached XP level 2. HP: 26/26 MP: 2/2
   359 | D:1      | Reached skill level 5 in Axes
   709 | D:1      | Reached XP level 3. HP: 31/31 MP: 3/3
  1375 | D:2      | Reached skill level 6 in Axes
  1530 | D:2      | Found a shimmering altar of Xom.
  1533 | D:2      | Reached ** piety under Trog
  1602 | D:2      | Found a faded altar of an unknown god.
  1829 | D:2      | Reached XP level 4. HP: 38/39 MP: 4/4
  2011 | D:3      | Reached skill level 7 in Axes
  2011 | D:3      | Reached XP level 5. HP: 45/45 MP: 5/5
  2251 | D:3      | Reached skill level 8 in Axes
  2259 | D:3      | Reached XP level 6. HP: 7/51 MP: 6/6
  2670 | D:3      | Reached skill level 9 in Axes
  2950 | D:4      | Reached *** piety under Trog
  3087 | D:4      | Noticed Terminal's ghost (amateur OpTm)
  3091 | D:4      | Found a runed translucent door.
  3177 | D:4      | Found a basalt altar of Yredelemnul.
  3272 | D:4      | Reached skill level 10 in Axes
  3272 | D:4      | Reached XP level 7. HP: 45/57 MP: 7/7
  3444 | D:4      | Noticed Grinder
  3449 | D:4      | Paralysed by Grinder for 5 turns
  3458 | D:4      | Killed Grinder
  3469 | D:4      | Reached skill level 11 in Axes
  3665 | D:4      | Killed Terminal's ghost
  3666 | D:4      | Reached skill level 12 in Axes
  3666 | D:4      | Reached XP level 8. HP: 64/64 MP: 8/8
  3703 | D:5      | Entered Level 5 of the Dungeon
  3737 | D:5      | Found a sand-covered staircase.
  3741 | Ossuary  | Entered an ossuary
  3797 | Ossuary  | Reached **** piety under Trog
  4216 | D:5      | Found a transporter.
  4251 | D:5      | Noticed a kobold demonologist
  4261 | D:5      | Found a transporter.
  4620 | D:5      | Reached skill level 13 in Axes
  4629 | D:5      | Killed a kobold demonologist
  4711 | D:6      | Found a staircase to the Ecumenical Temple.
  4717 | D:6      | Reached skill level 14 in Axes
  4794 | D:6      | Reached XP level 9. HP: 66/71 MP: 9/9
  4902 | D:6      | Reached skill level 5 in Fighting
  5045 | D:6      | Noticed Maggie
  5068 | D:6      | Killed Maggie
  5264 | D:6      | Reached skill level 5 in Armour
  5497 | D:6      | Found Huabasacy's Assorted Antiques.
  5581 | D:7      | Noticed Joseph
  5602 | D:7      | Killed Joseph
  5740 | D:7      | Noticed a troll
  5751 | D:7      | Killed a troll
  5889 | D:7      | Found a runed translucent door.
  5892 | D:7      | Reached XP level 10. HP: 85/86 MP: 10/10
  5934 | D:7      | Found a runed translucent door.
  5963 | D:7      | Reached skill level 15 in Axes
  6361 | D:7      | Noticed Dowan
  6361 | D:7      | Noticed Duvessa
  6367 | D:7      | Killed Dowan
  6370 | D:7      | Killed Duvessa
  6418 | D:7      | Noticed Harold
  6434 | D:7      | Killed Harold
  6434 | D:7      | Reached ***** piety under Trog
  6550 | D:7      | Found a runed translucent door.
  6551 | D:7      | Noticed Crazy Yiuf
  6807 | D:7      | Killed Crazy Yiuf
  7179 | D:8      | Reached skill level 16 in Axes
  7503 | D:8      | You fall into a shaft and drop 3 floors!
  7571 | D:11     | Found a portal to a secret trove of treasure.
  7588 | D:11     | Reached XP level 11. HP: 91/97 MP: 11/11
  7636 | D:10     | Entered Level 10 of the Dungeon
  7950 | D:9      | Received a gift from Trog
  8064 | D:9      | Found a staircase to the Lair.
  8259 | D:9      | Found a sacrificial altar of Ru.
  8344 | D:9      | Noticed Maurice
  8358 | D:9      | Killed Maurice
  8359 | D:9      | Reached skill level 10 in Fighting
  8688 | D:10     | Noticed a boulder beetle
  8698 | D:10     | Killed a boulder beetle
  9350 | D:10     | Found a roughly hewn altar of Beogh.
  9506 | Lair:1   | Entered Level 1 of the Lair of Beasts
  9533 | Lair:1   | Reached skill level 1 in Shields
  9827 | Lair:1   | Found a frozen archway.
  9886 | IceCv    | Entered an ice cave
 10035 | IceCv    | Reached skill level 5 in Shields
 11024 | IceCv    | Reached XP level 12. HP: 107/107 MP: 12/12
 11371 | IceCv    | Identified the +0 plate armour of Resourcefulness {Rampage
                  | Int+4}
 11394 | IceCv    | Identified the +9 great mace "Jykain" {spect, rF+ rC+}
 11901 | Lair:1   | Noticed Nergalle
 11926 | Lair:1   | Killed Nergalle
 12664 | Lair:2   | Reached skill level 10 in Shields
 13559 | Lair:3   | Received a gift from Trog
 13701 | Lair:3   | Found a staircase to the Shoals.
 14366 | Lair:4   | Reached XP level 13. HP: 114/114 MP: 13/13
 14932 | Lair:4   | Reached ****** piety under Trog
 14940 | Lair:4   | Reached skill level 15 in Shields
 14975 | Lair:4   | Found a staircase to the Snake Pit.
 15574 | Lair:5   | Found a viscous altar of Jiyva.
 15575 | Lair:5   | Found a staircase to the Slime Pits.
 15775 | Lair:5   | Noticed Kirke
 15796 | Lair:5   | Killed Kirke
 15797 | Lair:5   | Reached skill level 10 in Armour
 16154 | Lair:6   | Entered Level 6 of the Lair of Beasts
 16224 | Lair:6   | HP: 5/114 [cane toad (16)]
 16225 | Lair:6   | Slain by a cane toad

Illustrated notes

Levels and vault maps discovered:
D:1:      minmay_arrival_up_and_down, layout_basic
D:2:      minmay_diamond_boxcup, layout_loops_ring,
          chequers_ecumenical_altar_twisty, basic_altar
D:3:      layout_basic
D:4:      layout_basic, kennysheep_mini_moat, hellmonk_ghost_happy_afterlife,
          minmay_increasing_density, uniq_grinder
D:5:      gammafunk_wand_slinger, layout_rooms, enter_ossuary_5
D:6:      layout_rooms, minmay_temple_entry_junction, serial_shops, shop,
          uniq_maggie
D:7:      lemuel_insect_pit, layout_basic, uniq_harold, uniq_duvessa,
          uniq_crazy_yiuf_cottage, uniq_joseph
D:8:      layout_loops_ring
D:9:      layout_roguey, nicolae_ru_awakened_eye, lair_entry_dummy, uniq_maurice
D:10:     kennysheep_steamy, layout_rooms, special_room [special_room_orc],
          chequers_serial_rivers_large_a
D:11:     layout_layer_cave, david_orc_4, nicolae_trove_entry_isolated,
          patterned_corridor
Lair:1:   layout_regular_city, portal_ice_cave_entry_pillars_2,
          grunt_megastairs_3, uniq_nergalle
Lair:2:   layout_regular_city
Lair:3:   layout_hall_layers, minmay_shoals_entry_beasts
Lair:4:   layout_loops_ring, minmay_snake_entry_guardpost_medium,
          serial_bayou_lagoon_b
Lair:5:   layout_long_grid, dpeg_slime_entry_enclosed_altar, uniq_kirke
Lair:6:   minmay_lair_end_frog_pond, layout_loops_ring

Skill      XL: |  1  2  3  4  5  6  7  8  9 10 11 12 13 |
---------------+----------------------------------------+-----
Axes           | 5 6 7 8 10 12 14 16 | 16.6
Fighting       | 4 7 9 10 | 10.3
Armour         | 6 8 9 10 | 10.4
Shields        | 7 13 15 | 15.0
Dodging        | 4 |  4.2

Action                   |  1- 3 |  4- 6 |  7- 9 | 10-12 | 13-15 || total
-------------------------+-------+-------+-------+-------+-------++-------
Melee: Hand axe          |    87 |   134 |   167 |   136 |       ||   524
       War axe           |       |       |    49 |   457 |   225 ||   731
       Battleaxe         |       |       |       |    55 |       ||    55
Invok: Berserk           |     1 |     5 |    11 |    16 |     2 ||    35
       Trog's Hand       |       |       |       |       |     1 ||     1
       Brothers in Arms  |       |       |       |       |     1 ||     1
Evoke: Wand              |       |       |    12 |       |       ||    12
  Use: Scroll            |       |       |     5 |     9 |     1 ||    15
       Potion            |       |       |     1 |       |       ||     1
 Stab: Sleeping          |     6 |       |       |       |       ||     6
Armor: Animal skin       |    21 |     1 |       |       |       ||    22
       Leather armour    |       |     4 |       |       |       ||     4
       Ring mail         |       |    26 |    40 |       |       ||    66
       Acid dragon scale |       |       |    10 |    70 |       ||    80
       Troll leather arm |       |       |     2 |    14 |       ||    16
       Pearl dragon scal |       |       |       |    94 |       ||    94
       Plate armour      |       |       |       |   110 |    95 ||   205
Dodge: Dodged            |    69 |    66 |   136 |   222 |    39 ||   532
Block: Kite shield       |       |       |       |   258 |   221 ||   479
       Reflection        |       |       |       |     1 |     2 ||     3

Table legend: (Time is in decaauts)
 A = Elapsed time spent in this place.
 B = Non-inter-level travel time spent in this place.
 C = Inter-level travel time spent in this place.
 D = Time resting spent in this place.
 E = Time spent auto-exploring this place.
 F = Levels seen in this place.
 G = Mean time per level.
                   A        B        C        D        E       F      G
               +--------+--------+--------+--------+--------+-----+--------+
         Total |  16622 |  16099 |    523 |    553 |  13082 |  19 |  874.8 |
       Dungeon |   9226 |   8864 |    362 |    143 |   7308 |  11 |  838.7 |
          Lair |   5113 |   4952 |    161 |     31 |   4246 |   6 |  852.2 |
       Ossuary |    373 |    373 |      0 |     37 |    223 |   1 |  373.0 |
      Ice Cave |   1908 |   1908 |      0 |    341 |   1304 |   1 | 1908.0 |
               +--------+--------+--------+--------+--------+-----+--------+

Top non-repeatable levels by time:
   IceCv: 1908 daAuts
     D:7: 1337 daAuts
     D:1: 1185 daAuts
  Lair:2: 1133 daAuts
  Lair:1: 1086 daAuts
  Lair:4: 1080 daAuts
     D:9: 925 daAuts
  Lair:3: 902 daAuts
     D:4: 896 daAuts
     D:3: 867 daAuts
     D:6: 847 daAuts
  Lair:5: 844 daAuts
    D:10: 829 daAuts
     D:2: 821 daAuts
     D:8: 772 daAuts
